 Dungeon Crawl Stone Soup version 0.29.1-1-gd02db6906a (webtiles) character file.

Game seed: 9212619238929242127

712 ImASeal the Cudgeller (level 7, -4/52 (67) HPs)
             Began as a Troll Fighter on Sept 28, 2022.
             Was a Believer of Vehumet.
             Slain by a wight
             ... wielding a +4 great sword
              (22 damage)
             ... on level 5 of the Dungeon.
             The game lasted 00:11:08 (4367 turns).

ImASeal the Cudgeller (Troll Fighter)               Turns: 4367, Time: 00:11:08

HP:   -4/52 (67)    AC:  4    Str: 27    XL:     7   Next: 41%
MP:   6/6           EV:  9    Int:  4    God:    Vehumet [**....]
Gold: 237           SH:  7    Dex:  9    Spells: 5/6 levels left

rFire   . . .      SeeInvis .   a - +0 flail
rCold   . . .      Faith    .   c - +0 kite shield
rNeg    . . .      Spirit   .   b - +0 robe
rPois   .          Reflect  .   (helmet restricted)
rElec   .          Harm     .   (no cloak)
rCorr   +          Rampage  .   (gloves unavailable)
Will    .....                   (boots unavailable)
Stlth   +.........              (no amulet)
HPRegen 0.97/turn               r - ring of resist corrosion
MPRegen 0.10/turn               (no ring)

@: heavily drained
A: large, unfitting armour, claws 3, regeneration 1, shaggy fur 1, tough skin 1
a: Renounce Religion


You were on level 5 of the Dungeon.
You worshipped Vehumet.
Vehumet was pleased with you.
You visited 1 branch of the dungeon, and saw 5 of its levels.

You collected 237 gold pieces.

Inventory:

Hand Weapons
 a - a +0 flail (weapon)
Missiles
 m - 2 javelins (quivered)
 o - 4 poisoned darts
 p - 3 datura-tipped darts
 x - 6 atropa-tipped darts
Armour
 b - a +0 robe (worn)
 c - a +0 kite shield (worn)
 q - an orb of energy
Magical Staves
 l - a staff of air
Jewellery
 r - a ring of resist corrosion (left claw)
 w - a +6 ring of dexterity
 C - an amulet of regeneration
Wands
 n - a wand of light (13)
 s - a wand of mindburst (9)
Scrolls
 e - a scroll of fear {unknown}
 g - 2 scrolls of poison {unknown}
 h - 3 scrolls of enchant weapon {unknown}
 v - a scroll of blinking {unknown}
 y - a scroll of summoning {unknown}
 z - a scroll of butterflies {unknown}
 A - 4 scrolls of identify {unknown}
 B - a scroll of noise {unknown}
Potions
 d - 2 potions of might
 f - a potion of flight {unknown}
 i - a potion of heal wounds {unknown}
 j - a potion of invisibility {unknown}
 k - 3 potions of curing {unknown}
 t - a potion of ambrosia {unknown}
 u - 2 potions of lignification {unknown}


   Skills:
 + Level 3.3 Fighting
 * Level 5.7 Maces & Flails
 + Level 1.4 Throwing
 + Level 3.5 Dodging
 + Level 3.8 Shields
 - Level 0.1 Spellcasting
 - Level 0.1 Air Magic


You had 5 spell levels left.
You knew the following spells:

 Your Spells              Type           Power      Damage    Failure   Level
a - Shock                 Conj/Air       0%         1d3       78%         1

Your spell library contained the following spells:

 Spells                   Type           Power      Damage    Failure   Level
 Dazzling Flash           Conj/Hex       0%         N/A       99%         3
 Static Discharge         Conj/Air       0%         3-3/arc   89%         2
 Frozen Ramparts          Ice            0%         1d1       99%         3
 Summon Guardian Golem    Hex/Summ       0%         N/A       99%         3
 Hailstorm                Conj/Ice       0%         3d3       100%        4
 Ice Form                 Ice/Tmut       0%         N/A       100%        4
 Summon Ice Beast         Ice/Summ       0%         N/A       100%        4
 Lightning Bolt           Conj/Air       0%         1d11      100%        5
 Simulacrum               Ice/Necr       0%         N/A       100%        6
 Orb of Destruction       Conj           0%         9d5       100%        7
 Spellforged Servitor     Conj/Summ      0%         N/A       100%        7
 Maxwell's Capacitive Co  Air            0%         ∞         100%        8


Dungeon Overview and Level Annotations

Branches:
Dungeon (5/15)
 Temple: D:4-7

Altars:
Ashenzari
Gozag
Vehumet
Yredelemnul

Shops:
D:3 (

Annotations:
D:5 3 runed translucent doors, H0rd4k's ghost, novice HuAr


Innate Abilities, Weirdness & Mutations

You are too large for most types of armour.
You have claws for hands.
Your natural rate of healing is unusually fast.
You are covered in fur. (AC +1)
You have tough skin. (AC +1)


Message History

The wight hits you with a +4 great sword!
You feel drained.
The wight hits you with a +4 great sword!
You closely miss the wight. The wight attacks as you move away!
You block the wight's attack. The wight attacks as you move away!
The wight hits you with a +0 short sword.
You feel drained. The wight attacks as you move away!
The wight completely misses you. The wight attacks as you move away!
The wight closely misses you. The wight attacks as you move away!
The wight hits you with a +4 great sword!
You feel drained. The wight attacks as you move away!
The wight closely misses you. The wight attacks as you move away!
You block the wight's attack. The wight attacks as you move away!
The wight hits you with a +4 great sword!
You feel drained. The wight attacks as you move away!
You block the wight's attack. The wight attacks as you move away!
The wight closely misses you. The wight attacks as you move away!
The wight hits you with a +4 great sword!
You feel drained.
You hit the wight but do no damage. The wight barely misses you.
You hit the wight but do no damage. You block the wight's attack.
You thump the wight!
The wight is heavily damaged.
You block the wight's attack.
The wight hits you with a +4 great sword!
You feel drained.
You hit the wight.
The wight is heavily damaged.
The wight completely misses you.
The wight hits you with a +0 short sword!
The wight barely misses you.
The wight hits you with a +0 short sword.
You feel drained. The wight attacks as you move away!
The wight hits you with a +4 great sword!!
You die...

###........##### #.
............#..#
...###......#..## ####
###
##....#....########..##
##.........##...##...# #
##.............#....## #
##.......###.##...#.#####
#..#...#z..#...##.....#.
#......@z.#..##.#.......
#.###..#....###...##....
.. ####.....##..##.....
##........#..[..#
##............##
##..####....... #..##
##...... #..# #...###
...## #.###


You could see 2 wights.

Vanquished Creatures
  2 black bears (D:5)
  3 necrophages (D:4)
  2 scorpions (D:5)
  A wight (D:5)
  An iguana (D:5)
  6 adders
  A white imp (D:3)
  An ufetubus (D:4)
  A worm (D:3)
  5 dart slugs
  6 ball pythons
  4 endoplasms
  4 giant cockroaches
  5 goblins
  7 hobgoblins
  4 jackals (D:3)
  5 quokkas
  6 bats
  6 frilled lizards
  4 kobolds
  9 rats
  A spectral hobgoblin (D:1)
84 creatures vanquished.

Notes
Turn   | Place    | Note
-------+----------+-------------------------------------------
     0 | D:1      | ImASeal the Troll Fighter began the quest for the Orb.
     0 | D:1      | Reached XP level 1. HP: 22/22 MP: 0/0
   115 | D:1      | Found a faded altar of an unknown god.
   120 | D:1      | Reached XP level 2. HP: 29/29 MP: 1/1
   124 | D:1      | Prayed at the altar of an unknown god.
   124 | D:1      | Became a worshipper of Vehumet
   124 | D:1      | Reached * piety under Vehumet
   124 | D:1      | Offered knowledge of Shock by Vehumet.
   168 | D:1      | Learned a level 1 spell: Shock
   241 | D:1      | Reached skill level 2 in Maces & Flails
   982 | D:2      | Offered knowledge of Static Discharge by Vehumet.
   983 | D:2      | Reached XP level 3. HP: 32/36 MP: 0/2
  1018 | D:2      | Reached ** piety under Vehumet
  1898 | D:2      | Reached XP level 4. HP: 44/44 MP: 3/3
  1933 | D:3      | Found a basalt altar of Yredelemnul.
  2004 | D:3      | Reached skill level 3 in Maces & Flails
  2194 | D:3      | Found Sukinun's Weapon Emporium.
  2518 | D:3      | Offered knowledge of Dazzling Flash by Vehumet.
  2906 | D:4      | Noticed a necrophage
  2914 | D:4      | Killed a necrophage
  2915 | D:4      | Reached XP level 5. HP: 52/52 MP: 4/4
  2957 | D:4      | Found a broken altar of Ashenzari.
  3136 | D:4      | Reached skill level 4 in Maces & Flails
  3339 | D:4      | Reached XP level 6. HP: 61/61 MP: 5/5
  3754 | D:5      | Entered Level 5 of the Dungeon
  3780 | D:5      | Reached skill level 1 in Throwing
  3855 | D:5      | Found a runed translucent gate.
  3855 | D:5      | Found an opulent altar of Gozag.
  3856 | D:5      | Found a runed translucent gate.
  3856 | D:5      | Found a runed translucent gate.
  3856 | D:5      | Noticed H0rd4k's ghost (novice HuAr)
  3859 | D:5      | Noticed a komodo dragon
  3922 | D:5      | Reached skill level 5 in Maces & Flails
  3929 | D:5      | Reached XP level 7. HP: 45/67 MP: 6/6
  4367 | D:5      | Slain by a wight

Illustrated notes

Levels and vault maps discovered:
D:1:      elethiomel_arrival_maze, layout_basic,
          dreamdust_ecumenical_altar_drowned_temple, dreamdust_princess_bridge
D:2:      minmay_razor_zed, layout_basic, serial_glass, glass_columns_a,
          glass_columns_a
D:3:      layout_loops_corners, mainiacjoe_overflow_alcove_1, serial_shops,
          nicolae_shop_waterfront
D:4:      layout_loops_corners, mainiacjoe_overflow_cross_hatched,
          chequers_jeans
D:5:      layout_layer_cave, minmay_temple_entry_tees, ebering_ghost_gozag,
          hangedman_decor_diamond_cutter

Skill      XL: |  1  2  3  4  5  6 |
---------------+-------------------+-----
Maces & Flails | 2 3 4 5 |  5.7
Shields        | 3 |  3.8
Fighting       | 3 |  3.3
Dodging        | 3 |  3.5
Throwing       | 1 |  1.4
Spellcasting   | |  0.1
Air Magic      | |  0.1

Action                   |  1- 3 |  4- 6 |  7- 9 || total
-------------------------+-------+-------+-------++-------
Melee: Flail             |   135 |   164 |    26 ||   325
Throw: Stone             |     4 |    22 |     4 ||    30
       Javelin           |       |     2 |     8 ||    10
 Cast: Shock             |     2 |       |       ||     2
Armor: Robe              |    46 |    54 |     6 ||   106
Dodge: Dodged            |    53 |    68 |    12 ||   133
Block: Kite shield       |    66 |    66 |    16 ||   148
